 Dungeon Crawl Stone Soup version 0.29-a0-565-g7a16c6de65 (webtiles) character file.

Game seed: 3229494037183354286

591 Malachi the Cutter (level 7, -7/52 HPs)
             Began as a Demonspawn Fighter on June 12, 2022.
             Killed by divine providence
             ... invoked by an orc priest
              (9 damage)
             ... on level 5 of the Dungeon.
             The game lasted 00:06:40 (4967 turns).

Malachi the Cutter (Demonspawn Fighter)             Turns: 4967, Time: 00:06:41

Health: -7/52      AC:  7    Str: 23    XL:     7   Next: 16%
Magic:  7/7        EV:  9    Int:  9    God:
Gold:   151        SH:  5    Dex: 14    Spells: 6/6 levels left

rFire   . . .      SeeInvis .   j - +0 dagger (venom)
rCold   . . .      Faith    .   c - +0 buckler
rNeg    . . .      Spirit   .   b - +0 scale mail
rPois   .          Reflect  .   (no helmet)
rElec   .          Harm     .   (cloak unavailable)
rCorr   .          Rampage  .   (no gloves)
Will    .....                   o - +0 pair of boots
Stlth   ..........              (no amulet)
HPRegen 0.17/turn               e - +6 ring of strength
MPRegen 0.10/turn               (no ring)

@: no status effects
A: weakness stinger 3
a: no special abilities


You were on level 5 of the Dungeon.
You visited 1 branch of the dungeon, and saw 5 of its levels.

You collected 151 gold pieces.

Inventory:

Hand Weapons
 a - a +0 long sword
 j - a +0 dagger of venom (weapon)
Armour
 b - a +0 scale mail (worn)
 c - a +0 buckler (worn)
 m - a +0 cloak
 o - a +0 pair of boots (worn)
Jewellery
 e - a +6 ring of strength (left hand)
Scrolls
 f - a scroll of poison
Potions
 d - 2 potions of might
 g - a potion of resistance {unknown}
 h - a potion of heal wounds {unknown}
 i - 2 potions of mutation {unknown}
 k - 2 potions of attraction {unknown}
 l - 2 potions of curing
 n - a potion of haste {unknown}


   Skills:
 - Level 3.2 Fighting
 * Level 5.9(6.1) Short Blades
 - Level 2.1(4.3) Long Blades
 - Level 3.0 Armour
 - Level 0.4 Stealth
 + Level 3.8 Shields


You had 6 spell levels left.
You didn't know any spells.
Your spell library contained the following spells:

 Spells                   Type           Power      Damage    Failure   Level
 Gell's Gravitas          Tloc           0%         N/A       99%         3
 Teleport Other           Tloc           0%         N/A       99%         3
 Dispersal                Tloc           0%         N/A       100%        6


Dungeon Overview and Level Annotations

Branches:
Dungeon (4/15)
 Temple: D:4-7

Altars:
Cheibriados
Nemelex Xobeh
Vehumet

Shops:
D:1 (

Annotations:
D:4 Grinder


Innate Abilities, Weirdness & Mutations

You have a sharp stinger which inflicts weakening toxins.


Message History

There is an entrance to a sewer on this level.
Hurry and find it before the portal rusts away!
Found a scroll labelled KUSONI QIHOT and 18 gold pieces.
An orc wizard comes into view. It is wielding a +0 dagger.
The orc wizard shouts!
You hear a shout! x4
An orc priest comes into view. It is wielding a +0 falchion.
An orc priest comes into view. It is wielding a +0 whip.
You hear a shout! x3
You see here a scroll labelled KUSONI QIHOT.
You hear a shout! x2
Your +0 dagger of venom begins to drip with poison!
j - a +0 dagger of venom (weapon)
An orc comes into view. It is wielding a +0 falchion.
An orc comes into view. It is wielding a +0 mace.
The orc shouts!
A scorpion comes into view.
An orc comes into view. It is wielding a +0 whip.
An adder comes into view. 2 orcs and an orc priest come into view.
The orc shouts! x2; The orc priest shouts!
You hear a shout!
An orc comes into view. It is wielding a +0 hand axe.
The orc priest calls down the wrath of Beogh upon you.
Beogh smites you!
* * * LOW HITPOINT WARNING * * *
You hear a shout!
An orc comes into view. It is wielding a +0 flail.
The orc shouts!
You hear a shout!
The orc priest looks satisfied for a moment.
The orc priest invokes the aid of Beogh against you.
You struggle to resist.
The orc moves out of view.
The orc priest attacks as you move away!
The orc priest barely misses you.
The orc priest invokes the aid of Beogh against you.
Beogh smites you!
* * * LOW HITPOINT WARNING * * *
The orc priest attacks as you move away!
The orc priest hits you with a +0 falchion.
* * * LOW HITPOINT WARNING * * *
The orc priest invokes the aid of Beogh against you.
Beogh smites you!
You die...

###..##o#
##....?..# #
#....##..#...
#.....o.o..#
##.$o.o...##
###.o#..##
##o..#..o..
#.o.##..o.o.
#.@## ..sSo.
#..# ....
##.# ..#o ...
##. .. .. ###


You could see 2 orc priests, an orc wizard and 3 orcs.

Vanquished Creatures
  Sigmund (D:3)
  A phantom (D:4)
  A scorpion (D:4)
  An orc priest (D:3)
  An iguana (D:4)
  Natasha (thrice) (D:3)
  3 gnolls (D:3)
  3 adders
  3 dart slugs
  16 orcs
  7 endoplasms
  5 goblins
  5 hobgoblins
  9 jackals (D:1)
  4 quokkas
  5 ball pythons
  7 bats
  8 kobolds
  6 rats
89 creatures vanquished.

Notes
Turn   | Place    | Note
-------+----------+-------------------------------------------
     0 | D:1      | Malachi the Demonspawn Fighter began the quest for the Orb.
     0 | D:1      | Reached XP level 1. HP: 18/18 MP: 1/1
   113 | D:1      | Found Tosmow's Weapon Shoppe.
   404 | D:1      | Gained mutation: You have a small tail. [demonic ancestry]
   404 | D:1      | Reached XP level 2. HP: 24/24 MP: 2/2
   586 | D:1      | HP: 1/24 [poisoned by a kobold]
   899 | D:1      | Reached XP level 3. HP: 29/29 MP: 3/3
  1264 | D:2      | Reached skill level 1 in Short Blades
  2502 | D:3      | Gained mutation: You have a tail ending in a sharp stinger.
                  | [demonic ancestry]
  2502 | D:3      | Reached XP level 4. HP: 29/35 MP: 4/4
  2572 | D:3      | Found a snail-covered altar of Cheibriados.
  2575 | D:3      | Reached skill level 2 in Short Blades
  2645 | D:3      | Noticed Sigmund
  2654 | D:3      | Killed Sigmund
  2655 | D:3      | Reached skill level 4 in Short Blades
  2655 | D:3      | Gained mutation: You have a sharp stinger which inflicts
                  | weakening toxins. [demonic ancestry]
  2655 | D:3      | Reached XP level 5. HP: 28/41 MP: 5/5
  2794 | D:3      | HP: 2/41 [gnoll/+0 whip (3)]
  2798 | D:3      | Reached XP level 6. HP: 16/47 MP: 6/6
  3222 | D:3      | Noticed Natasha
  3230 | D:3      | Killed Natasha
  3240 | D:3      | Noticed Natasha
  3248 | D:3      | Killed Natasha
  3422 | D:3      | Found a faded altar of an unknown god.
  3817 | D:3      | Noticed Natasha
  3824 | D:3      | Killed Natasha
  3825 | D:3      | Reached skill level 5 in Short Blades
  3979 | D:4      | Found a radiant altar of Vehumet.
  4077 | D:4      | Reached XP level 7. HP: 41/52 MP: 7/7
  4155 | D:4      | Found a sparkling altar of Nemelex Xobeh.
  4490 | D:4      | Noticed Grinder
  4490 | D:4      | Paralysed by Grinder for 5 turns
  4666 | D:4      | Paralysed by something for 3 turns
  4949 | D:4      | Paralysed by Grinder for 2 turns
  4955 | D:4      | You fall into a shaft and drop 1 floor!
  4955 | D:5      | Entered Level 5 of the Dungeon
  4967 | D:5      | HP: 2/52 [orc priest/+0 falchion (1)]
  4967 | D:5      | Killed from afar by an orc priest

Illustrated notes

Levels and vault maps discovered:
D:1:      dpeg_arrival_rooms_b, layout_loops_ring, serial_shops,
          nicolae_shop_bloodbath_and_beyond
D:2:      layout_loops_ring, kennysheep_generic_room_9
D:3:      layout_loops_cross, kennysheep_slug_shrine,
          chequers_ecumenical_altar_twisty, uniq_sigmund, uniq_natasha
D:4:      layout_loops_ring, nicolae_vehumet_radiance, lemuel_tele_altar,
          temple_hall, uniq_grinder
D:5:      layout_cave_pools, lemuel_zombie_altar_kikubaaqudgha,
          pdpol_wu_jian_five_deadly_venoms, gup_sewer_entry_pipe,
          minmay_misc_feat_more_columns

Skill      XL: |  1  2  3  4  5  6 |
---------------+-------------------+-----
Long Blades    | 2 |  2.1
Armour         | 3 |  3.0
Shields        | 3 |  3.8
Short Blades   | 1 4 5 |  5.9
Fighting       | |  3.2
Stealth        | |  0.4

Action                   |  1- 3 |  4- 6 |  7- 9 || total
-------------------------+-------+-------+-------++-------
Melee: Long sword        |    70 |     2 |    14 ||    86
       Dagger            |    73 |   122 |    45 ||   240
       Tailslap          |    16 |    19 |    11 ||    46
  Use: Potion            |     3 |     1 |       ||     4
       Scroll            |       |     5 |       ||     5
Armor: Scale mail        |    56 |    29 |    16 ||   101
Dodge: Dodged            |    67 |    42 |    17 ||   126
Block: Buckler           |    29 |    28 |     5 ||    62

Table legend: (Time is in decaauts)
 A = Elapsed time spent in this place.
 B = Non-inter-level travel time spent in this place.
 C = Inter-level travel time spent in this place.
 D = Time resting spent in this place.
 E = Time spent auto-exploring this place.
 F = Levels seen in this place.
 G = Mean time per level.
                   A        B        C        D        E       F      G
               +--------+--------+--------+--------+--------+-----+--------+
         Total |   4971 |   4928 |     43 |   1508 |   2654 |   5 |  994.2 |
       Dungeon |   4971 |   4928 |     43 |   1508 |   2654 |   5 |  994.2 |
               +--------+--------+--------+--------+--------+-----+--------+

Top non-repeatable levels by time:
     D:3: 1797 daAuts
     D:2: 1321 daAuts
     D:1: 1188 daAuts
     D:4: 653 daAuts
     D:5: 11 daAuts
